 Dungeon Crawl Stone Soup version 0.29-a0-321-gf1c400731a (webtiles) character file.

Game seed: 13471307207448497111

7400 Flugslaktarn the Skirmisher (level 10, -5/85 HPs)
             Began as a Palentonga Enchanter on Apr 3, 2022.
             Was an Elder of Cheibriados.
             Slain by a komodo dragon (26 damage)
             ... on level 1 of the Lair of Beasts.
             The game lasted 00:30:49 (4549 turns).

Flugslaktarn the Skirmisher (Palentonga Enchanter)  Turns: 4549, Time: 00:30:49

Health: -5/85      AC: 20    Str: 20    XL:     10   Next: 92%
Magic:  23/25      EV: 13    Int: 28    God:    Cheibriados [****..]
Gold:   339        SH:  0    Dex: 21    Spells: 9/17 levels left

rFire   . . .      SeeInvis +   A - +0 dagger (vamp)
rCold   . . .      Faith    .   (no shield)
rNeg    . . .      Spirit   .   b - +0 robe
rPois   .          Reflect  .   m - +1 helmet
rElec   .          Harm     .   (no cloak)
rCorr   .          Rampage  .   j - +2 pair of gloves
Will    .....                   (no barding)
Stlth   +++.......              N - amulet of magic regeneration
HPRegen 0.24/turn               v - ring of magical power
MPRegen 0.59/turn               p - +4 ring of protection

@: curled up, very slow
A: large, rugged brown scales 3, see invisible, deformed body, roll 1, armoured
tail, reflexive curl
a: Rolling Charge, Renounce Religion, Bend Time, Temporal Distortion, Slouch


You were on level 1 of the Lair of Beasts.
You worshipped Cheibriados.
Cheibriados was greatly pleased with you.
You visited 3 branches of the dungeon, and saw 11 of its levels.
You also visited: Sewer.

You collected 508 gold pieces.
You spent 169 gold pieces at shops.

Inventory:

Hand Weapons
 d - a +4 war axe
   (You took it off a wight on level 8 of the Dungeon)
 u - a +0 war axe of holy wrath
   (You bought it in a shop on level 6 of the Dungeon)
 A - a +0 vampiric dagger (weapon)
   (You found it on level 7 of the Dungeon)
 E - a +0 demon whip of venom
   (You found it on level 8 of the Dungeon)
 G - a +2 dagger of freezing
   (You found it on level 8 of the Dungeon)
 I - a +3 scimitar
   (You found it on level 8 of the Dungeon)
 J - a +2 vorpal scimitar
   (You found it on level 8 of the Dungeon)
 M - the +11 hand axe of Evolution {vorpal, Will+ Int+2 SInv}
   (You found it on level 1 of the Lair of Beasts)

   It inflicts extra damage upon your enemies.
   Int:       It affects your intelligence (+2).
   SInv:      It lets you see invisible.
   Will:      It increases your willpower.
Missiles
 g - 21 poisoned darts
 k - a curare-tipped dart (quivered)
Armour
 b - a +0 robe (worn)
 j - a +2 pair of gloves (worn)
   (You found it on level 2 of the Dungeon)
 m - a +1 helmet (worn)
   (You found it on level 4 of the Dungeon)
Magical Staves
 c - a staff of fire
   (You found it on level 4 of the Dungeon)
 y - a staff of poison
   (You found it on level 7 of the Dungeon)
Jewellery
 a - a ring of resist corrosion
   (You found it on level 8 of the Dungeon)
 f - a +6 ring of strength
   (You found it on level 1 of the Dungeon)
 h - the ring "Xuimm" {rC+ rN+}
   (You found it in a sewer)

   [ring of positive energy]

   rC:        It protects you from cold.
   rN:        It protects you from negative energy.
 p - a +4 ring of protection (right hand)
   (You found it on level 2 of the Dungeon)
 v - a ring of magical power (left hand)
   (You found it on level 4 of the Dungeon)
 N - an amulet of magic regeneration (around neck)
   (You found it on level 1 of the Lair of Beasts)
Wands
 l - a wand of iceblast (12)
   (You took it off Amaemon on level 8 of the Dungeon)
 r - a wand of charming (7)
   (You found it on level 8 of the Dungeon)
 x - a wand of paralysis (3)
   (You found it on level 6 of the Dungeon)
 K - a wand of polymorph (8)
   (You found it on level 8 of the Dungeon)
Scrolls
 e - 2 scrolls of noise
 i - a scroll of fog
 o - a scroll of immolation
 t - a scroll of teleportation
 D - a scroll of amnesia
 F - a scroll of vulnerability
 H - a scroll of magic mapping
 P - a scroll of torment
Potions
 n - 2 potions of resistance
 q - a potion of curing
 s - 3 potions of flight
 z - a potion of degeneration {unknown}
 C - a potion of ambrosia {unknown}
 L - a potion of invisibility
 O - a potion of magic
Miscellaneous
 B - a condenser vane
   (You found it in a sewer)


   Skills:
 * Level 7.7 Fighting
 - Level 5.0 Short Blades
 + Level 6.6 Maces & Flails
 + Level 5.5 Dodging
 - Level 3.0 Stealth
 - Level 4.0 Spellcasting
 - Level 7.0 Hexes
 - Level 2.0 Ice Magic
 - Level 6.0 Invocations
 - Level 3.0 Evocations


You had 9 spell levels left.
You knew the following spells:

 Your Spells              Type           Power      Damage    Failure   Level
a - Ensorcelled Hibernat  Hex/Ice        60%        N/A       1%          2
b - Tukima's Dance        Hex            44%        N/A       1%          3
c - Confusing Touch       Hex            44%        N/A       1%          3

Your spell library contained the following spells:

 Spells                   Type           Power      Damage    Failure   Level
 Dazzling Flash           Conj/Hex       50%        N/A       5%          3


Dungeon Overview and Level Annotations

Branches:
Dungeon (8/15)             Temple (1/1) D:6            Lair (2/6) D:8
  Sewer (visited)
  Swamp: Lair:2-4    Shoals: Lair:2-4     Snake: Lair:2-4    Spider: Lair:2-4

Altars:
Ashenzari
Cheibriados
Gozag
Nemelex Xobeh
Qazlal
Ru
Sif Muna
Uskayaw
Vehumet
Wu Jian
Xom
Zin
The Shining One

Shops:
D:6 (

Annotations:
D:7 Joseph


Innate Abilities, Weirdness & Mutations

You are completely covered in rugged brown scales. (AC +3, +7% HP)
You have supernaturally acute eyesight. (SInv)
Armour fits poorly on your strangely shaped body.
You can roll at nearby foes to attack.
You have a long armoured tail.
You curl defensively after being hit. (AC +7*)


Message History

You tail-slap the elephant, but do no damage.
The elephant is moderately wounded.
The elephant tramples you.
You stumble backwards!
The elephant tramples the elephant!
The elephant holds its ground!
The elephant trunk-slaps the elephant but does no damage.
You warp the flow of time around you!
The elephant trumpets! x2
You hit the elephant but do no damage.
The elephant is moderately wounded.
The elephant tramples you.
You hold your ground!
The elephant trunk-slaps you but does no damage.
You hit the elephant but do no damage.
You tail-slap the elephant, but do no damage.
The elephant is moderately wounded.
The elephant tramples you but does no damage.
The elephant misses you. The elephant tramples you!
* * * LOW HITPOINT WARNING * * *
You hold your ground!
The elephant trunk-slaps you but does no damage.
You hit the elephant but do no damage.
The elephant is moderately wounded.
You fail to use your ability.
The elephant misses you. The elephant closely misses you.
The elephant tramples you!
* * * LOW HITPOINT WARNING * * *
You hold your ground!
The elephant trunk-slaps you.
* * * LOW HITPOINT WARNING * * *
The elephant tramples you.
* * * LOW HITPOINT WARNING * * *
You stumble backwards!
The elephant tramples itself.
The elephant trunk-slaps itself but does no damage.
Okay, then.
You feel much better.
The elephant seems less confused.
The elephant tramples you.
You hold your ground!
The elephant trunk-slaps you but does no damage.
The elephant tramples you but does no damage.
The elephant trunk-slaps you but does no damage.
As you read the scroll of teleportation, it crumbles to dust.
You feel strangely unstable. The elephant tramples you.
* * * LOW HITPOINT WARNING * * *
You hold your ground!
The elephant trunk-slaps you.
* * * LOW HITPOINT WARNING * * *
The elephant completely misses you. The elephant trunk-slaps you.
* * * LOW HITPOINT WARNING * * *
The elephant closely misses you. x2
Unknown command.
The elephant tramples you.
* * * LOW HITPOINT WARNING * * *
You stumble backwards!
The elephant tramples you.
* * * LOW HITPOINT WARNING * * *
You hold your ground!
The elephant trunk-slaps you but does no damage.
Unknown command.
Your surroundings suddenly seem different.
Unknown command.
There is a stone staircase leading up here.
You climb upwards.
There is a stone staircase leading down here.
Found a ring mail.
Found an Everburning Encyclopedia.
A komodo dragon comes into view.
The komodo dragon hisses angrily.
Casting: Confusing Touch (safe; 1% risk of failure)
Confirm with . or Enter, or press ? or * to list all spells.
Aiming: Ensorcelled Hibernation (safe; 1% risk of failure)
Press: ? - help, Shift-Dir - straight line, f - komodo dragon
Aim: a komodo dragon (chance to affect: 42%)
The komodo dragon resists with some effort.
Casting: Ensorcelled Hibernation (safe; 1% risk of failure)
Confirm with . or Enter, or press ? or * to list all spells.
Aiming: Ensorcelled Hibernation (safe; 1% risk of failure)
Press: ? - help, Shift-Dir - straight line, f/p - komodo dragon
Aim: a komodo dragon (chance to affect: 42%)
The komodo dragon resists with some effort.
The komodo dragon bites you but does no damage.
Casting: Ensorcelled Hibernation (safe; 1% risk of failure)
Confirm with . or Enter, or press ? or * to list all spells.
Aiming: Ensorcelled Hibernation (safe; 1% risk of failure)
Press: ? - help, Shift-Dir - straight line, f/p - komodo dragon
Aim: a komodo dragon (chance to affect: 42%)
The komodo dragon looks drowsy...
The helpless komodo dragon fails to defend itself.
You impale the komodo dragon!!
The komodo dragon is severely wounded.
The komodo dragon bites you but does no damage.
Throw: 2 darts (curare)
Press: ? - help, Q - select action, (/) - cycle Shift-Dir - straight line, f/p - komodo dragon
Aim: a komodo dragon (severely wounded, 72% to hit)
You throw a curare-tipped dart.
The curare-tipped dart hits the komodo dragon.
The komodo dragon is poisoned.
The komodo dragon convulses.
The komodo dragon seems to slow down.
The komodo dragon is severely wounded.
The komodo dragon bites you but does no damage.
You hit the komodo dragon but do no damage.
Your tail-slap misses the komodo dragon.
The komodo dragon is almost dead.
You closely miss the komodo dragon.
The komodo dragon is almost dead.
The komodo dragon bites you!!
You die...

.............#.....
..#.#..#......#...##..
.##...##.#.....#..#...
..#.#.##.#.#.........
....P.##.#.#.....#.. .
......>..>....##..# ..#
.##.#.P#.#....#...##...
.#....##.#.......#:.#...
..#....#........@l...#
.##.#.##.#.#...#......#
.##.#.##...#..#....#....
.##...##.#.#............
..#...##.....#.#...#..#.
.#. . [.#...#...#....
... . ...#.#.P...# .##
..#...# .P ........# #
.##...#


You could see a komodo dragon (very poisoned, slow).

Vanquished Creatures
  Pikel (D:7)
  An elephant (Lair:2)
  An orange demon (D:8)
  A cane toad (Lair:2)
  A komodo dragon (Lair:1)
  A rime drake (Lair:2)
  3 blink frogs (Lair:1)
  3 meliai (D:8)
  Sigmund (D:3)
  4 yaks (Lair:1)
  2 wyverns
  2 water moccasins
  2 black bears
  A sky beast (D:6)
  2 ice beasts
  An ogre (D:3)
  2 wolves (D:8)
  2 phantoms
  A kobold brigand (D:7)
  6 bullfrogs
  2 scorpions (D:6)
  A wight (D:8)
  3 howler monkeys
  9 hounds
  A jelly (D:7)
  2 orc priests (D:3)
  7 iguanas
  Terence (D:3)
  2 orc wizards (D:6)
  10 adders
  2 shadow imps (D:6)
  An ufetubus (D:7)
  6 worms
  3 dart slugs
  9 orcs
  8 ball pythons
  9 endoplasms
  14 giant cockroaches
  8 goblins
  7 hobgoblins
  5 jackals
  9 quokkas
  7 bats
  9 frilled lizards
  12 kobolds
  5 rats
190 creatures vanquished.

Vanquished Creatures (collateral kills)
  Amaemon (D:8)
  A wight (D:8)
2 creatures vanquished.

Vanquished Creatures (others)
  A dancing weapon (D:8)
  An endoplasm (D:4)
  3 fungi
  6 plants
11 creatures vanquished.

Grand Total: 203 creatures vanquished

Notes
Turn   | Place    | Note
-------+----------+-------------------------------------------
     0 | D:1      | Flugslaktarn the Palentonga Enchanter began the quest for
                  | the Orb.
     0 | D:1      | Reached XP level 1. HP: 13/13 MP: 3/3
    28 | D:1      | Reached skill level 1 in Fighting
   279 | D:1      | Reached XP level 2. HP: 22/23 MP: 5/5
   304 | D:1      | Learned a level 2 spell: Ensorcelled Hibernation
   326 | D:3      | Noticed an ogre
   476 | D:2      | Reached XP level 3. HP: 15/28 MP: 3/6
   493 | D:2      | Reached skill level 1 in Ice Magic
   699 | D:3      | Reached XP level 4. HP: 15/35 MP: 5/7
   855 | D:3      | Noticed Sigmund
  1181 | D:3      | Killed an ogre
  1182 | D:3      | Reached skill level 5 in Hexes
  1182 | D:3      | Reached XP level 5. HP: 34/40 MP: 8/8
  1194 | D:3      | Killed Sigmund
  1195 | D:3      | Reached XP level 6. HP: 45/50 MP: 7/9
  1236 | D:3      | Found a faded altar of an unknown god.
  1271 | D:3      | Learned a level 3 spell: Confusing Touch
  1308 | D:3      | Noticed Terence
  1346 | D:3      | Killed Terence
  1467 | D:4      | Found an ornate altar of the Wu Jian Council.
  1538 | D:4      | Gained mutation: You curl defensively after being hit. (AC
                  | +7*) [Palentonga growth]
  1538 | D:4      | Reached XP level 7. HP: 40/56 MP: 3/10
  1615 | D:5      | Entered Level 5 of the Dungeon
  1755 | D:4      | Found Qukem's Antique Weapon Emporium.
  2285 | D:5      | Found a glowing golden altar of the Shining One.
  2435 | D:6      | Found Muusiq's Antique Weapon Shoppe.
  2582 | D:6      | Found a staircase to the Ecumenical Temple.
  2593 | D:6      | Reached XP level 8. HP: 65/65 MP: 12/12
  2620 | Temple   | Entered the Ecumenical Temple
  2679 | Temple   | Became a worshipper of Cheibriados the Contemplative
  2717 | D:6      | Reached skill level 5 in Fighting
  2725 | D:6      | Reached skill level 5 in Short Blades
  2732 | D:6      | Found a glowing drain.
  2742 | Sewer    | Entered a sewer
  2803 | Sewer    | Reached * piety under Cheibriados
  2941 | Sewer    | Reached ** piety under Cheibriados
  2989 | Sewer    | Identified the ring "Xuimm" {rC+ rN+}
  3082 | D:6      | Bought a glowing war axe for 169 gold pieces
  3124 | D:7      | Noticed Joseph
  3226 | D:7      | Reached skill level 1 in Invocations
  3226 | D:7      | Reached skill level 1 in Evocations
  3277 | D:7      | Noticed Pikel
  3302 | D:7      | Killed Pikel
  3303 | D:7      | Reached XP level 9. HP: 48/72 MP: 15/15
  3609 | D:8      | Learned a level 3 spell: Tukima's Dance
  3640 | D:8      | Noticed a troll
  3721 | D:8      | Reached *** piety under Cheibriados
  3741 | D:8      | Noticed an orange demon
  3756 | D:8      | Killed an orange demon
  3763 | D:8      | Noticed a meliai
  3765 | D:8      | Noticed a meliai
  3782 | D:8      | Found a staircase to the Lair.
  3789 | D:8      | Noticed a meliai
  3863 | D:8      | Killed a meliai
  3864 | D:8      | Killed a meliai
  3865 | D:8      | Reached skill level 5 in Dodging
  3874 | D:8      | Killed a meliai
  3885 | D:8      | Reached skill level 5 in Invocations
  3894 | D:8      | Noticed Amaemon
  3973 | D:8      | Killed Amaemon
  3974 | D:8      | Reached XP level 10. HP: 20/82 MP: 9/16
  4078 | D:8      | Reached skill level 1 in Maces & Flails
  4116 | Lair:1   | Entered Level 1 of the Lair of Beasts
  4184 | Lair:1   | Reached skill level 5 in Maces & Flails
  4206 | Lair:1   | Identified the +11 hand axe of Evolution {vorpal, Will+
                  | Int+2 SInv}
  4266 | Lair:1   | Reached **** piety under Cheibriados
  4376 | Lair:2   | Noticed a cane toad
  4385 | Lair:2   | Killed a cane toad
  4465 | Lair:2   | Noticed a cane toad
  4488 | Lair:2   | Noticed an elephant
  4489 | Lair:2   | Noticed an elephant
  4496 | Lair:2   | Noticed an elephant
  4498 | Lair:2   | Noticed an elephant
  4516 | Lair:2   | Killed an elephant
  4549 | Lair:1   | Slain by a komodo dragon

Illustrated notes

Levels and vault maps discovered:
D:1:      amcnicky_arrival_double_pillar, layout_basic, serial_curves,
          eino_curves_01, eino_curves_04, minmay_tall_x
D:2:      minmay_spotlight, layout_basic, minmay_surrounded
D:3:      layout_loops_ring, lightli_temple_of_fire,
          hellmonk_ecumenical_altar_blasted, hangedman_decor_riveting,
          kennysheep_nub, uniq_sigmund, uniq_terence
D:4:      layout_basic, mainiacjoe_overflow_alcove_4,
          ebering_ghost_reflecting_pool, serial_shops,
          nicolae_inconvenience_store, lemuel_old_faithful
D:5:      layout_gridville, tso_metal_star, serial_glass, glass_columns_a,
          glass_columns_a
D:6:      layout_rooms, minmay_temple_entry_large_hall,
          cheibrodos_sewer_entry_bend, serial_shops, shop
D:7:      layout_rooms, uniq_pikel, uniq_joseph
D:8:      layout_rooms, erik_lair_island, uniq_amaemon
Temple:   eino_temple_scatter_basement
Lair:1:   layout_long_grid, ebering_ghost_reflecting_pool, minivault_26,
          lemuel_fruit_fields, lemuel_fruit_tree, grunt_megastairs_3
Lair:2:   layout_small_grid, elwin_shoals_entry_stream

Skill      XL: |  1  2  3  4  5  6  7  8  9 10 |
---------------+-------------------------------+-----
Fighting       | 1 2 3 4 5 6 7 |  7.7
Ice Magic      | 1 2 |  2.0
Hexes          | 4 5 6 7 |  7.0
Short Blades   | 2 3 4 5 |  5.0
Spellcasting   | 3 4 |  4.0
Dodging        | 2 5 |  5.5
Invocations    | 2 6 |  6.0
Evocations     | 2 3 |  3.0
Stealth        | 3 |  3.0
Maces & Flails | 6 |  6.6

Action                   |  1- 3 |  4- 6 |  7- 9 | 10-12 || total
-------------------------+-------+-------+-------+-------++-------
Melee: Dagger            |   107 |   157 |   385 |    81 ||   730
       Tailslap          |    15 |    18 |    64 |    20 ||   117
       Punch             |       |     1 |     6 |     3 ||    10
       Unarmed           |       |       |     6 |       ||     6
       Hand axe          |       |       |       |     7 ||     7
Throw: Dart              |       |     7 |     6 |     1 ||    14
 Cast: Ensorcelled Hiber |     5 |    16 |    48 |    45 ||   114
       Confusing Touch   |       |       |    13 |     6 ||    19
       Tukima's Dance    |       |       |     9 |       ||     9
Invok: Bend Time         |       |       |     1 |       ||     1
       Temporal Distorti |       |       |       |     1 ||     1
 Abil: Rolling Charge    |     5 |     2 |     5 |     6 ||    18
Evoke: Condenser vane    |       |       |     1 |       ||     1
       Wand              |       |       |       |     4 ||     4
  Use: Potion            |     1 |     1 |     4 |     2 ||     8
       Scroll            |       |       |    18 |     3 ||    21
 Stab: Sleeping          |     4 |    12 |    36 |    17 ||    69
       Invisible         |     2 |       |       |       ||     2
       Confused          |       |       |    11 |     8 ||    19
Armor: Robe              |    50 |    63 |   201 |    51 ||   365
       Skin              |       |       |    24 |       ||    24
Dodge: Dodged            |    51 |    57 |   193 |    64 ||   365

Table legend: (Time is in decaauts)
 A = Elapsed time spent in this place.
 B = Non-inter-level travel time spent in this place.
 C = Inter-level travel time spent in this place.
 D = Time resting spent in this place.
 E = Time spent auto-exploring this place.
 F = Levels seen in this place.
 G = Mean time per level.
                   A        B        C        D        E       F      G
               +--------+--------+--------+--------+--------+-----+--------+
         Total |   5178 |   4841 |    337 |     63 |      0 |  12 |  431.5 |
       Dungeon |   4124 |   3808 |    316 |     63 |      0 |   8 |  515.5 |
        Temple |     71 |     50 |     21 |      0 |      0 |   1 |   71.0 |
          Lair |    617 |    617 |      0 |      0 |      0 |   2 |  308.5 |
         Sewer |    364 |    364 |      0 |      0 |      0 |   1 |  364.0 |
               +--------+--------+--------+--------+--------+-----+--------+

Top non-repeatable levels by time:
     D:8: 706 daAuts
     D:2: 650 daAuts
     D:3: 578 daAuts
     D:7: 535 daAuts
     D:4: 519 daAuts
     D:6: 518 daAuts
     D:1: 402 daAuts
   Sewer: 364 daAuts
  Lair:1: 319 daAuts
  Lair:2: 298 daAuts
     D:5: 213 daAuts
  Temple: 71 daAuts
